 Dungeon Crawl Stone Soup version 0.29-a0-418-gc0181ea820 (webtiles) character file.

Game seed: 16791673021450056797

326 fictitious the Quickloader (level 6, -10/50 HPs)
             Began as a Minotaur Hunter on May 18, 2022.
             Mangled by Duvessa
             ... wielding a +0 rapier
              (15 damage)
             ... on level 4 of the Dungeon.
             The game lasted 00:13:56 (2825 turns).

fictitious the Quickloader (Minotaur Hunter)        Turns: 2825, Time: 00:13:57

Health: -10/50     AC:  6    Str: 17    XL:     6   Next: 24%
Magic:  5/5        EV: 11    Int:  6    God:
Gold:   8          SH:  0    Dex: 14    Spells: 5/5 levels left

rFire   + . .      SeeInvis .   a - +1 hand crossbow
rCold   + . .      Faith    .   (no shield)
rNeg    . . .      Spirit   .   t - +1 ring mail
rPois   +          Reflect  .   (helmet restricted)
rElec   +          Harm     .   (no cloak)
rCorr   +          Rampage  .   (no gloves)
Will    .....                   (no boots)
Stlth   +.........              P - amulet of magic regeneration
HPRegen 0.16/turn               l - +4 ring of slaying
MPRegen 0.49/turn               (no ring)

@: resistant
A: horns 2, retaliatory headbutt
a: no special abilities


You were on level 4 of the Dungeon.
You visited 1 branch of the dungeon, and saw 4 of its levels.

You collected 110 gold pieces.
You spent 102 gold pieces at shops.

Inventory:

Hand Weapons
 a - a +1 hand crossbow (weapon)
 b - a +2 dagger of venom
 g - a +1 vampiric dagger
 j - a +0 war axe
Armour
 t - a +1 ring mail (worn)
 W - a +0 leather armour
Jewellery
 l - a +4 ring of slaying (left hand)
 P - an amulet of magic regeneration (around neck)
Scrolls
 c - 2 scrolls of immolation
 e - a scroll of blinking {unknown}
 f - a scroll of teleportation {unknown}
 h - a scroll of enchant armour
 m - a scroll of fog {unknown}
 o - a scroll of amnesia {unknown}
 s - a scroll of fear
Potions
 d - a potion of attraction
 i - 4 potions of curing
 k - a potion of heal wounds {unknown}
 n - 2 potions of cancellation
 p - a potion of haste {unknown}
 q - a potion of resistance
 r - a potion of flight {unknown}


   Skills:
 - Level 2.4 Fighting
 + Level 8.3 Crossbows
 - Level 2.1 Dodging
 - Level 0.7 Stealth


You had 5 spell levels left.
You didn't know any spells.
Your spell library contained the following spells:

 Spells                   Type           Power      Damage    Failure   Level
 Alistair's Intoxication  Tmut/Pois      0%         N/A       100%        5
 Borgnjor's Vile Clutch   Necr/Erth      0%         N/A       100%        5
 Eringya's Noxious Bog    Tmut/Pois      0%         N/A       100%        6


Dungeon Overview and Level Annotations

Branches:
Dungeon (4/15)
 Temple: D:4-7

Altars:
Yredelemnul

Shops:
D:1 *   D:3 =

Annotations:
D:4 Duvessa


Innate Abilities, Weirdness & Mutations

You have a pair of horns on your head.
You reflexively headbutt those who attack you in melee.


Message History

Duvessa is moderately wounded.
Shoot: a) +1 hand crossbow
Press: ? - help, Q - select action Shift-Dir - straight line, f/p - Duvessa
Aim: Duvessa, wielding a +0 rapier and wearing a +3 leather armour of poison resistance (moderately wounded, 73% to hit)
You shoot a bolt. The bolt hits Duvessa!
Duvessa is severely wounded.
Duvessa closely misses you. You furiously retaliate!
You headbutt Duvessa, but do no damage.
Duvessa drinks a potion.
Duvessa is healed!
Dowan hisses, "Insulting my beauty only makes me fight harder!"
Dowan gestures wildly while chanting.
Dowan blinks!
Shoot: a) +1 hand crossbow
Press: ? - help, Q - select action Shift-Dir - straight line, f/p - Duvessa
Aim: Duvessa, wielding a +0 rapier and wearing a +3 leather armour of poison resistance (moderately wounded, 73% to hit)
You shoot a bolt. The bolt barely misses Duvessa.
The bolt hits Dowan!
You kill Dowan!
Duvessa weeps, and shakes her weapon.
Duvessa goes berserk!
Duvessa hits you with a +0 rapier.
You aren't carrying any items that you can evoke.
Shoot: a) +1 hand crossbow
Press: ? - help, Q - select action Shift-Dir - straight line, f/p - Duvessa
Aim: Duvessa, wielding a +0 rapier and wearing a +3 leather armour of poison resistance (moderately wounded, berserk, 73% to hit)
You shoot a bolt. The bolt closely misses Duvessa.
Duvessa hits you with a +0 rapier!! x2
* * * LOW HITPOINT WARNING * * *
Okay, then.
Okay, then.
Unknown command.
It was a potion of resistance.
You feel protected. Duvessa hits you with a +0 rapier!
You die...

###.### #)....# #.....
#. #.... ####.# # #...
#..... .## #.. #.##..
..# ###e### #.##.##..#
#≈≈@≈≈# #.##.....#
#≈♣.♣≈# #.##.#...#
###≈._.≈###.##)<...#
###.#≈♣.♣≈#.........##
...#≈≈.≈≈#...#.##.##
#.###.###'###........#
#.........#.#...#.####
#####.#####.#####.#
#.............#


You could see Duvessa (berserk).

Vanquished Creatures
  A phantom (D:4)
  A scorpion (D:4)
  Dowan (D:4)
  An orc priest (D:3)
  3 adders
  A worm (D:2)
  2 dart slugs
  4 orcs (D:3)
  8 ball pythons
  3 bats
  7 endoplasms
  3 giant cockroaches
  9 goblins
  9 hobgoblins
  3 jackals (D:1)
  8 kobolds
  6 frilled lizards
  8 rats
78 creatures vanquished.

Notes
Turn   | Place    | Note
-------+----------+-------------------------------------------
     0 | D:1      | fictitious the Minotaur Hunter began the quest for the Orb.
     0 | D:1      | Reached XP level 1. HP: 18/18 MP: 0/0
    91 | D:1      | Reached XP level 2. HP: 21/25 MP: 1/1
    93 | D:1      | Reached skill level 5 in Crossbows
   198 | D:1      | Found a faded altar of an unknown god.
   237 | D:1      | Found Jieke's Assorted Antiques.
   297 | D:1      | Bought a scroll labelled DACHIEL UBRIASH for 22 gold pieces
   382 | D:1      | Reached XP level 3. HP: 19/30 MP: 2/2
   698 | D:1      | Bought a lumpy coppery potion for 19 gold pieces
  1025 | D:2      | Reached skill level 6 in Crossbows
  1698 | D:1      | Bought 2 fuming puce potions for 39 gold pieces
  1760 | D:3      | Reached XP level 4. HP: 37/37 MP: 3/3
  1864 | D:3      | Found Vorov's One-of-a-Kind Rings.
  2463 | D:3      | Reached skill level 7 in Crossbows
  2463 | D:3      | Reached XP level 5. HP: 42/42 MP: 4/4
  2581 | D:1      | Bought a scroll labelled GENLONK ARYWUI for 22 gold pieces
  2669 | D:4      | Noticed a phantom
  2679 | D:4      | Killed a phantom
  2680 | D:4      | Reached skill level 8 in Crossbows
  2680 | D:4      | Reached XP level 6. HP: 50/50 MP: 5/5
  2681 | D:4      | Noticed Dowan
  2684 | D:4      | Noticed Duvessa
  2809 | D:4      | Found a basalt altar of Yredelemnul.
  2823 | D:4      | Killed Dowan
  2825 | D:4      | Mangled by Duvessa

Illustrated notes

Levels and vault maps discovered:
D:1:      tarquinn_simple_flora_water_b, layout_rooms,
          ebering_ecumenical_altar_abandoned, serial_shops, shop_fountains
D:2:      layout_loops_corners
D:3:      layout_basic, minmay_misc_feat_encased, nicolae_shop_unique_rings,
          fountainhead, minmay_misc_feat_secret_circle
D:4:      layout_loops_cross, kennysheep_little_box, uniq_duvessa

Skill      XL: |  1  2  3  4  5 |
---------------+----------------+-----
Crossbows      | 5 6 7 8 |  8.3
Fighting       | |  2.4
Dodging        | |  2.1
Stealth        | |  0.7

Action                   |  1- 3 |  4- 6 || total
-------------------------+-------+-------++-------
 Fire: Hand crossbow     |   113 |    79 ||   192
  Use: Scroll            |     3 |     2 ||     5
       Potion            |       |     1 ||     1
Armor: Leather armour    |     4 |       ||     4
       Ring mail         |    15 |     5 ||    20
Dodge: Dodged            |    36 |     9 ||    45

Table legend: (Time is in decaauts)
 A = Elapsed time spent in this place.
 B = Non-inter-level travel time spent in this place.
 C = Inter-level travel time spent in this place.
 D = Time resting spent in this place.
 E = Time spent auto-exploring this place.
 F = Levels seen in this place.
 G = Mean time per level.
                   A        B        C        D        E       F      G
               +--------+--------+--------+--------+--------+-----+--------+
         Total |   2883 |   2617 |    266 |    391 |   1282 |   4 |  720.8 |
       Dungeon |   2883 |   2617 |    266 |    391 |   1282 |   4 |  720.8 |
               +--------+--------+--------+--------+--------+-----+--------+

Top non-repeatable levels by time:
     D:2: 1091 daAuts
     D:3: 904 daAuts
     D:1: 804 daAuts
     D:4: 83 daAuts
